 Dungeon Crawl Stone Soup version 0.27.0-1-g7a089689b8 (webtiles) character file.

Game seed: 9409431220466086166

199262 Sin92 the Warrior (level 17, -1/149 HPs)
             Began as a Demonspawn Fighter on Aug 12, 2021.
             Was the Champion of Okawaru.
             Killed from afar by a fire giant (13 damage)
             ... with a bolt of fire
             ... on level 1 of the Depths.
             The game lasted 01:24:41 (45102 turns).

Sin92 the Warrior (Demonspawn Fighter)             Turns: 45102, Time: 01:24:41

Health: -1/149     AC: 31    Str: 26      XL:     17   Next: 84%
Magic:  0/29       EV: 12    Int: 14 (15) God:    Okawaru [******]
Gold:   1393       SH: 14    Dex: 21      Spells: 15/18 levels left

rFire    . . .     SeeInvis .   g - +5 broad axe (flame)
rCold    + . .     Faith    .   c - +0 kite shield
rNeg     . . .     Spirit   +   m - +3 plate armour {rPois}
rPois    +         Reflect  .   D - +0 helmet
rElec    .         Harm     .   y - +0 cloak
rCorr    .         Rampage  .   l - +0 pair of gloves {Str+3}
Will     .....                  (boots unavailable)
Stlth    ..........             E - amulet of guardian spirit
HPRegen  0.34/turn              u - +6 ring of dexterity
MPRegen  0.21/turn              r - ring "Qatag" {rPois Will- AC+4 Int+4 Dex+3}

@: finesse-ful, studying Invocations
A: hooves 3, icy blue scales 3, foul stench 3, demonic magic 3, bedeviling, high
mp 1
}: 1/15 runes: decaying
a: Renounce Religion, Heroism, Finesse


You were on level 1 of the Depths.
You worshipped Okawaru.
Okawaru was exalted by your worship.
You visited 7 branches of the dungeon, and saw 30 of its levels.
You also visited: Bailey.

You collected 3294 gold pieces.
You spent 1901 gold pieces at shops.

Inventory:

Hand Weapons
 d - a +0 broad axe of distortion
 g - a +5 broad axe of flaming (weapon)
 h - a +4 hand axe of flaming
 n - a +2 demon trident of electrocution
 G - a +4 mace
Missiles
 q - 22 javelins
 A - 2 throwing nets (quivered)
Armour
 c - a +0 kite shield (worn)
 l - a +0 pair of gloves of strength (worn)
 m - a +3 plate armour of poison resistance (worn)
 w - a +1 pair of gloves of stealth
 x - a +1 plate armour
 y - a +0 cloak (worn)
 D - a +0 helmet (worn)
Jewellery
 k - a ring of protection from cold
 r - the ring "Qatag" (right hand) {rPois Will- AC+4 Int+4 Dex+3}
   (You acquired it on level 12 of the Dungeon)

   [ring of protection]

   AC:        It affects your AC (+4).
   Int:       It affects your intelligence (+4).
   Dex:       It affects your dexterity (+3).
   rPois:     It protects you from poison.
   Will:      It decreases your willpower.
 u - a +6 ring of dexterity (left hand)
 E - an amulet of guardian spirit (around neck)
 L - a ring of positive energy
Wands
 t - a wand of iceblast (13)
 v - a wand of digging (4)
 C - a wand of mindburst (14)
 J - a wand of polymorph (11)
 K - a wand of paralysis (5)
 O - a wand of charming (7)
 T - a wand of flame (18)
Scrolls
 e - 6 scrolls of identify
 i - a scroll of fog
 j - 3 scrolls of teleportation
 p - 7 scrolls of magic mapping
 H - a scroll of summoning
 M - 2 scrolls of amnesia
 Q - a scroll of brand weapon
 R - a scroll of silence
 S - a scroll of blinking
Potions
 a - 2 potions of brilliance
 b - 2 potions of mutation
 f - 14 potions of curing
 o - 3 potions of might
 s - a potion of flight
 z - 2 potions of magic
 B - a potion of haste
 F - 5 potions of lignification
 I - a potion of attraction
 N - 2 potions of ambrosia
 P - 3 potions of cancellation


   Skills:
 + Level 17.8 Fighting
 * Level 16.6 Axes
 + Level 12.4 Armour
 - Level 8.4 Dodging
 + Level 12.4 Shields
 - Level 1.4 Spellcasting
 - Level 13.4 Invocations


You had 15 spell levels left.
You knew the following spells:

 Your Spells              Type           Power      Damage    Failure   Level
a - Inner Flame           Hex/Fire       1%         N/A       100%        3

Your spell library contained the following spells:

 Spells                   Type           Power      Damage    Failure   Level
 Beastly Appendage        Tmut           2%         N/A       96%         1
 Foxfire                  Conj/Fire      4%         2x1d4     96%         1
 Sting                    Tmut/Pois      4%         1d3       96%         1
 Summon Small Mammal      Summ           4%         N/A       96%         1
 Sublimation of Blood     Necr           0%         N/A       99%         2
 Wereblood                Tmut           1%         N/A       99%         2
 Call Canine Familiar     Summ           1%         N/A       100%        3
 Conjure Flame            Conj/Fire      1%         6-21      100%        3
 Dazzling Flash           Conj/Hex       2%         N/A       100%        3
 Ignite Poison            Fire/Tmut/Pois 1%         N/A       100%        3
 Mephitic Cloud           Conj/Pois/Air  1%         N/A       100%        3
 Spider Form              Tmut/Pois      0%         N/A       100%        3
 Summon Guardian Golem    Hex/Summ       1%         N/A       100%        3
 Airstrike                Air            0%         N/A       100%        4
 Animate Armour           Summ/Erth      2%         N/A       100%        4
 Cause Fear               Hex            0%         N/A       100%        4
 Passage of Golubria      Tloc           N/A        N/A       100%        4
 Petrify                  Tmut/Erth      1%         N/A       100%        4
 Sticky Flame             Conj/Fire      1%         2d3       100%        4
 Agony                    Necr           1%         N/A       100%        5
 Blade Hands              Tmut           0%         N/A       100%        5
 Bolt of Magma            Conj/Fire/Erth 0%         4d4       100%        5
 Fireball                 Conj/Fire      0%         3d3       100%        5
 Freezing Cloud           Conj/Ice/Air   0%         6-21      100%        5
 Irradiate                Conj/Tmut      0%         3d14      100%        5
 Iskenderun's Battlesphe  Conj           1%         2d6       100%        5
 Silence                  Hex/Air        0%         N/A       100%        5
 Conjure Ball Lightning   Conj/Air       0%         3x3d6     100%        6
 Eringya's Noxious Bog    Tmut/Pois      0%         N/A       100%        6
 Iron Shot                Conj/Erth      0%         9d1       100%        6
 Orb of Destruction       Conj           0%         N/A       100%        7
 Borgnjor's Revivificati  Necr           0%         N/A       100%        8
 Discord                  Hex            0%         N/A       100%        8
 Lehudib's Crystal Spear  Conj/Erth      0%         10d2      100%        8
 Maxwell's Capacitive Co  Air            0%         ∞         100%        8
 Necromutation            Tmut/Necr      0%         N/A       100%        8
 Chain Lightning          Conj/Air       0%         2d1       100%        9
 Death's Door             Necr           0%         N/A       100%        9
 Fire Storm               Conj/Fire      0%         6d1       100%        9


Dungeon Overview and Level Annotations

Branches:
Dungeon (15/15)            Temple (1/1) D:6            Lair (6/6) D:8
  Swamp (4/4) Lair:3        Snake (1/4) Lair:4        Slime (0/5) Lair:5
    Orc (2/2) D:10            Elf (0/3) Orc:2        Vaults (0/5) D:13
 Depths (1/5) D:15         Bailey (visited)

Altars:
Ashenzari
Cheibriados
Dithmenos
Elyvilon
Fedhas
Gozag
Hepliaklqana
Kikubaaqudgha
Makhleb
Nemelex Xobeh
Okawaru
Qazlal
Ru
Sif Muna
Trog
Uskayaw
Vehumet
Wu Jian
Xom
Yredelemnul
Zin
The Shining One
Jiyva

Shops:
D:4 !   D:11 *   D:12 :   Orc:2 !*[(

Annotations:
Lair:2 1 runed translucent door, Huxoxzufuz's ghost, journeyman GnFi
Snake:1 Jorgrun


Innate Abilities, Weirdness & Mutations

You have hooves in place of feet.
You are completely covered in icy blue scales. (AC +4, rC+)
You frequently emit foul miasma when damaged in melee.
Spells you cast and wands you use may paralyse nearby enemies.
Your hexes are more powerful.
You have an increased reservoir of magic. (+10% MP)


Message History

Unknown command.
Unknown command.
There are monsters nearby!
You are too injured to fight recklessly!
You are too injured to fight recklessly!
Unknown command.
There are monsters nearby!
Unknown command.
You are too injured to fight recklessly!
There are monsters nearby!
You are too injured to fight recklessly!
You are too injured to fight recklessly!
Unknown command.
There are monsters nearby!
Unknown command.
There are monsters nearby!
You are too injured to fight recklessly!
You can now deal lightning-fast blows.
The fire giant completely misses you.
You slice the fire giant!! You kick the fire giant.
The fire giant is moderately wounded.
You hit the fire giant. Your kick misses the fire giant.
The fire giant is heavily wounded.
You slash the fire giant! You kick the fire giant!
The fire giant is severely wounded.
The fire giant casts a spell at you.
The fireball explodes!
The fireball engulfs you!!!
* * * LOW HITPOINT WARNING * * *
The fireball engulfs the fire giant!
The fire giant resists.
Unknown command.
You hit the fire giant but do no damage.
You kick the fire giant.
The fire giant is severely wounded.
Unknown command.
Okay, then.
You slash the fire giant!
The fire giant is almost dead.
The fire giant gestures at you while chanting.
The bolt of fire hits you!
You die...

#### #.## .. #..# #..# +...
#..###..# #.... #.......# ≈♣♣
#....#### ##.####.# .≈≈≈
........## #.# #.#
###......#.....#D.# ##'####+##
......#.###...###C# #........#
.≈≈≈ #..#..#..#@.#####........#
.§# .+.....#.....##.['.......>#
.≈##≈.#..............##........#
.≈§≈≈.##....##...##..##........#
......#..#..#..#..#.###......).#
'###+##.###...###.#.########'###
.# #.##..#..#.(#..#.##.......#
.# #........#.....#.##.#####.#
.#####.+....+.....'....# ###


You could see a fire giant and an ice dragon.

Vanquished Creatures
  Rupert (D:15)
  A sphinx (D:14)
  A fenstrider witch (Swamp:4)
  The ghost of pkoi the Grappler, a journeyman TrMo of Qazlal (Lair:6)
  An ironbound preserver (D:13)
  A stone giant (Depths:1)
  Nessos (D:13)
  A bunyip (Swamp:3)
  4 eleionomae
  Azrael (Snake:1)
  A minotaur (Lair:6)
  3 ettins
  4 fire dragons
  A shambling mangrove (Swamp:2)
  Fannar (D:12)
  2 ice dragons (Depths:1)
  29 hydras
  An ogre mage (D:14)
  A ghost crab (Swamp:2)
  3 boulder beetles
  2 anacondas (Snake:1)
  3 two-headed ogres
  5 centaur warriors
  2 deep troll shamans (Depths:1)
  7 alligators
  A vampire mage (Depths:1)
  4 orc high priests
  2 tengu warriors
  11 death yaks
  Urug (D:12)
  A shock serpent (Snake:1)
  A naga sharpshooter (Snake:1)
  Nergalle (Lair:2)
  A shock serpent (shapeshifter) (D:12)
  5 skeletal warriors
  A fire crab (Swamp:4)
  20 spriggans
  A salamander mystic (Snake:1)
  A fire crab (shapeshifter) (D:15)
  4 goliath frogs
  A spark wasp zombie (Depths:1)
  3 deep trolls
  2 iron trolls (Depths:1)
  A glowing orange brain (Depths:1)
  A bog body (Swamp:4)
  5 swamp dragons
  A spriggan druid (Swamp:2)
  A golden dragon zombie (Depths:1)
  A deep elf archer (D:14)
  2 orc knights
  2 wizards (D:15)
  2 naga ritualists (Snake:1)
  4 deep elf pyromancers
  3 lindwurms
  A harpy (D:14)
  2 necromancers
  7 mana vipers (Snake:1)
  A frost giant zombie (Depths:1)
  An oklob plant (D:10)
  An orc sorcerer (Orc:1)
  11 cyclopes
  7 manticores
  A will-o-the-wisp (Swamp:4)
  19 ugly things
  8 elephants
  10 black mambas
  A sphinx skeleton (Depths:1)
  A guardian serpent (Snake:1)
  5 naga magi
  Joseph (D:8)
  3 torpor snails (Lair:6)
  Maurice (D:8)
  A molten gargoyle (Swamp:4)
  2 gargoyles
  10 cane toads
  A cane toad (shapeshifter) (D:12)
  A freezing wraith (D:14)
  14 rime drakes
  An unseen horror (shapeshifter) (D:14)
  4 kobold demonologists (D:14)
  7 komodo dragons
  6 yaktaurs
  2 efreet
  2 tengu conjurers
  A queen bee (Lair:2)
  10 trolls
  8 tyrant leeches
  4 meliai
  A merfolk (D:10)
  6 polar bears (Lair:6)
  A wolf spider simulacrum (D:15)
  Grinder (D:4)
  19 blink frogs
  13 slime creatures
  11 hornets
  11 dream sheep (Lair:6)
  A shadow (D:9)
  Sigmund (D:4)
  2 wyverns
  3 wraiths
  3 basilisks
  A golden eye (shapeshifter) (D:14)
  4 fire elementals
  65 yaks
  16 steam dragons
  6 vampire mosquitoes
  12 swamp worms
  A warg (Orc:1)
  5 nagas (Snake:1)
  A naga (shapeshifter) (D:14)
  A hell hound (Snake:1)
  2 acid dragons
  19 water moccasins
  4 black bears
  21 orc warriors
  7 swamp drakes
  A hornet zombie (D:9)
  3 boggarts (Lair:6)
  3 ice beasts
  3 ogres
  2 sky beasts
  37 wolves
  A wolf (shapeshifter) (D:13)
  8 centaurs
  2 necrophages
  2 phantoms
  A kobold brigand (D:11)
  20 bullfrogs
  10 gnoll sergeants
  A wyvern zombie (D:8)
  A water moccasin zombie (D:5)
  A water moccasin skeleton (D:6)
  23 killer bees
  4 wights (D:9)
  An electric eel (Lair:2)
  A spectral centaur (D:9)
  6 howler monkeys
  10 centaur zombies
  2 bullfrog zombies
  4 hounds
  3 jellies
  24 orc priests
  3 centaur skeletons
  3 iguanas
  7 gnoll shamans
  Jessica (D:2)
  29 orc wizards
  3 hound skeletons
  7 howler monkey zombies
  24 gnolls
  8 adders
  2 howler monkey skeletons
  A white imp (D:5)
  An ufetubus (D:3)
  A worm (D:2)
  2 dart slugs (D:1)
  56 orcs
  8 endoplasms
  4 giant cockroaches
  5 goblins
  9 hobgoblins
  5 jackals
  15 kobolds
  5 quokkas
  8 ball pythons
  7 bats
  2 frilled lizards (D:1)
  5 rats
950 creatures vanquished.

Vanquished Creatures (others)
  A bunyip (Swamp:1)
  An alligator (Swamp:1)
  2 swamp dragons (Swamp:4)
  A wizard (D:15)
  A salamander (shapeshifter) (D:14)
  A will-o-the-wisp (Swamp:1)
  A yaktaur (D:15)
  2 bloated husks (Swamp:1)
  5 swamp drakes (Swamp:4)
  An orc priest (Orc:2)
  8 foxfires (Swamp:4)
  49 fungi
  67 plants
140 creatures vanquished.

Grand Total: 1090 creatures vanquished

Notes
Turn   | Place    | Note
-------+----------+-------------------------------------------
     0 | D:1      | Sin92 the Demonspawn Fighter began the quest for the Orb.
     0 | D:1      | Reached XP level 1. HP: 18/18 MP: 1/1
   141 | D:1      | Gained mutation: You may rarely emit foul miasma when
                  | damaged in melee. [demonic ancestry]
   141 | D:1      | Reached XP level 2. HP: 24/24 MP: 2/2
   238 | D:1      | Found a faded altar of an unknown god.
   862 | D:2      | Gained mutation: Spells you cast may paralyse adjacent
                  | enemies. [demonic ancestry]
   862 | D:2      | Reached XP level 3. HP: 29/29 MP: 3/3
  1032 | D:2      | Noticed Jessica
  1038 | D:2      | Killed Jessica
  1039 | D:2      | Reached skill level 1 in Dodging
  1207 | D:2      | Gained mutation: You are partially covered in icy blue
                  | scales. (AC +2) [demonic ancestry]
  1207 | D:2      | Reached XP level 4. HP: 19/35 MP: 4/4
  1555 | D:2      | Found a shadowy altar of Dithmenos.
  1918 | D:3      | Found a burning altar of Makhleb.
  2409 | D:3      | Noticed a bullfrog
  2416 | D:3      | Killed a bullfrog
  2417 | D:3      | Reached XP level 5. HP: 37/42 MP: 5/5
  2893 | D:4      | Noticed a necrophage
  2899 | D:4      | Killed a necrophage
  2900 | D:4      | Reached skill level 4 in Fighting
  2900 | D:4      | Gained mutation: You have large cloven feet. [demonic
                  | ancestry]
  2900 | D:4      | Reached XP level 6. HP: 48/48 MP: 6/6
  2914 | D:4      | Noticed Sigmund
  2928 | D:4      | Killed Sigmund
  2929 | D:4      | Gained mutation: You have hoof-like feet. [demonic
                  | ancestry]
  2929 | D:4      | Reached XP level 7. HP: 43/54 MP: 7/7
  3060 | D:4      | HP: 2/54 [poisoned by an orc]
  3508 | D:4      | Got the Papyrus of Lightness and Transformation
  3665 | D:4      | Noticed Grinder
  3684 | D:4      | Killed Grinder
  3986 | D:4      | Found Maovis's Distillery.
  4128 | D:5      | Entered Level 5 of the Dungeon
  4152 | D:5      | Reached skill level 5 in Axes
  4280 | D:5      | Found a snail-covered altar of Cheibriados.
  4463 | D:5      | Reached XP level 8. HP: 54/61 MP: 8/8
  4659 | D:5      | Reached skill level 5 in Fighting
  5391 | D:5      | Reached skill level 5 in Shields
  5763 | D:6      | Found a staircase to the Ecumenical Temple.
  5808 | D:6      | Reached skill level 5 in Armour
  5857 | D:6      | Found a bloodstained altar of Trog.
  5934 | Temple   | Entered the Ecumenical Temple
  6045 | D:6      | Gained mutation: You sometimes emit foul miasma when
                  | damaged in melee. [demonic ancestry]
  6045 | D:6      | Reached XP level 9. HP: 68/68 MP: 9/9
  7033 | D:7      | Reached skill level 6 in Fighting
  7231 | D:7      | Found a broken altar of Ashenzari.
  7841 | D:8      | Found a flagged portal.
  7841 | D:8      | Noticed Maurice
  7860 | D:8      | Killed Maurice
  7861 | D:8      | Reached skill level 5 in Dodging
  7873 | Bailey   | Entered a bailey
  8219 | Bailey   | HP: 3/71 [gnoll (2)]
  8221 | Bailey   | Reached skill level 8 in Fighting
  8221 | Bailey   | Reached skill level 10 in Axes
  8221 | Bailey   | Gained mutation: You are mostly covered in icy blue scales.
                  | (AC +3) [demonic ancestry]
  8221 | Bailey   | Reached XP level 10. HP: 3/82 MP: 6/10
  8222 | Bailey   | Gained mutation: You have an increased reservoir of magic.
                  | (+10% MP) [potion of mutation]
  8700 | Bailey   | Gained mutation: You frequently emit foul miasma when
                  | damaged in melee. [demonic ancestry]
  8700 | Bailey   | Reached XP level 11. HP: 54/87 MP: 6/12
  8732 | Bailey   | HP: 4/87 [gnoll shaman (5)]
  9203 | Bailey   | Identified the +0 plate armour "Siexoss" {Rampage}
  9517 | D:8      | Found a staircase to the Lair.
  9721 | D:8      | Noticed Joseph
  9732 | D:8      | Killed Joseph
 10058 | D:9      | Found a basalt altar of Yredelemnul.
 10118 | D:9      | Reached skill level 9 in Fighting
 10397 | D:9      | Found a stormy altar of Qazlal.
 10398 | D:9      | You fall into a shaft and drop 3 floors!
 10400 | D:12     | Noticed a deep elf pyromancer
 10405 | D:12     | Killed a deep elf pyromancer
 10503 | D:11     | Found Fele's Fabulous Fripperies.
 11511 | D:12     | Noticed a purple ugly thing
 11518 | D:12     | Killed a purple ugly thing
 11544 | D:12     | Noticed Fannar
 11555 | D:12     | Killed Fannar
 11558 | D:12     | Found a shimmering altar of Xom.
 11583 | D:12     | Noticed Urug
 11591 | D:12     | Found Dakhloy's Book Emporium.
 11751 | D:11     | Noticed a two-headed ogre
 11762 | D:11     | Killed a two-headed ogre
 12532 | D:12     | Killed Urug
 12533 | D:12     | Gained mutation: You have hooves in place of feet. [demonic
                  | ancestry]
 12533 | D:12     | Reached XP level 12. HP: 38/96 MP: 6/13
 12623 | D:12     | Identified a scroll of acquirement
 12623 | D:12     | Acquired the ring "Qatag" {rPois Will- AC+4 Int+4 Dex+3}
 13038 | D:12     | Found a shimmering altar of Xom.
 13038 | D:12     | Found a shimmering altar of Xom.
 13039 | D:12     | Found a shimmering altar of Xom.
 13045 | D:12     | Found a shimmering altar of Xom.
 13082 | D:12     | HP: 3/97 [shock serpent (shapeshifter) (10)]
 13083 | D:12     | HP: 1/97 [poisoned by a cane toad]
 13819 | D:13     | Noticed a two-headed ogre
 13823 | D:13     | Killed a two-headed ogre
 13824 | D:13     | Reached skill level 10 in Fighting
 13829 | D:13     | Noticed a centaur warrior
 13829 | D:13     | Noticed an ironbound preserver
 13831 | D:13     | Noticed Nessos
 14276 | D:13     | Noticed a two-headed ogre
 14285 | D:13     | Killed a two-headed ogre
 14697 | D:10     | Entered Level 10 of the Dungeon
 14721 | D:10     | Found a blossoming altar of Fedhas.
 15043 | D:10     | Found a staircase to the Orcish Mines.
 15326 | D:9      | Found a shimmering altar of Xom.
 15751 | D:11     | Bought a manual of Fighting for 1040 gold pieces
 15850 | D:13     | Killed an ironbound preserver
 15882 | D:13     | Found a gate to the Vaults.
 16258 | D:13     | Gained mutation: Spells you cast may paralyse nearby
                  | enemies. [demonic ancestry]
 16258 | D:13     | Reached XP level 13. HP: 92/104 MP: 11/14
 16313 | D:13     | Reached skill level 11 in Fighting
 16787 | D:13     | Killed Nessos
 17529 | Lair:1   | Entered Level 1 of the Lair of Beasts
 17658 | Lair:1   | Reached skill level 12 in Fighting
 18433 | Lair:2   | Identified the +3 scale mail of the Elven Halls {Harm}
 18555 | Lair:2   | Identified the +6 trident of Majoituj {flame, rCorr}
 18557 | Lair:2   | Found a runed translucent door.
 18559 | Lair:2   | Noticed Huxoxzufuz's ghost (journeyman GnFi)
 18573 | Lair:2   | Noticed Nergalle
 18586 | Lair:2   | Killed Nergalle
 19041 | Lair:2   | Reached skill level 13 in Fighting
 20091 | D:10     | Found an opulent altar of Gozag.
 20358 | D:10     | Found an iron altar of Okawaru.
 20429 | D:10     | Found a shimmering blue altar of Sif Muna.
 20739 | D:10     | Became a worshipper of Warmaster Okawaru
 21081 | Lair:3   | Reached skill level 1 in Invocations
 21226 | Lair:3   | Reached * piety under Okawaru
 21274 | Lair:3   | Found a staircase to the Swamp.
 21336 | Lair:3   | Gained mutation: Your hexes are more powerful. [demonic
                  | ancestry]
 21336 | Lair:3   | Reached XP level 14. HP: 98/118 MP: 14/16
 21931 | Lair:3   | Reached ** piety under Okawaru
 22165 | Lair:4   | Reached skill level 14 in Fighting
 22343 | Lair:4   | Found a staircase to the Snake Pit.
 22405 | Lair:4   | Reached *** piety under Okawaru
 22847 | Lair:4   | Reached **** piety under Okawaru
 23694 | Lair:4   | Reached skill level 15 in Fighting
 23694 | Lair:4   | Reached skill level 5 in Invocations
 24533 | Lair:5   | Reached ***** piety under Okawaru
 24642 | Lair:5   | Found a staircase to the Slime Pits.
 24643 | Lair:5   | Found a viscous altar of Jiyva.
 25289 | Lair:5   | Reached skill level 10 in Shields
 25697 | Lair:6   | Entered Level 6 of the Lair of Beasts
 25712 | Lair:6   | Reached skill level 10 in Armour
 25950 | Lair:6   | Received a gift from Okawaru
 26208 | Lair:6   | Gained mutation: You are completely covered in icy blue
                  | scales. (AC +4, rC+) [demonic ancestry]
 26208 | Lair:6   | Reached XP level 15. HP: 119/130 MP: 19/21
 26308 | Lair:6   | Noticed pkoi's ghost (journeyman TrMo)
 26387 | Lair:6   | Reached skill level 16 in Fighting
 26613 | Lair:6   | Found a runed translucent gate.
 26614 | Lair:6   | Found a runed translucent gate.
 26982 | Lair:6   | Found a runed translucent gate.
 27283 | Lair:6   | Received a gift from Okawaru
 27493 | Lair:6   | Paralysed by a hornet for 3 turns
 28541 | Lair:6   | Killed pkoi's ghost
 29036 | Orc:1    | Entered Level 1 of the Orcish Mines
 29192 | Orc:2    | Entered Level 2 of the Orcish Mines
 29976 | Orc:2    | Found Xoten's Distillery.
 29976 | Orc:2    | Found Ujygygos's Antique Weapon Shop.
 29976 | Orc:2    | Found Jacuh's General Store.
 30075 | Orc:2    | Found Fat Geff's Armour Shop.
 30217 | Orc:2    | Received a gift from Okawaru
 30295 | Orc:2    | Found a staircase to the Elven Halls.
 30381 | Orc:2    | Bought a +0 pair of gloves of strength for 161 gold pieces
 30381 | Orc:2    | Bought a +3 plate armour of poison resistance for 588 gold
                  | pieces
 31094 | Orc:2    | Bought 2 potions of might for 112 gold pieces
 31235 | D:14     | Reached ****** piety under Okawaru
 31677 | D:14     | Noticed a sphinx
 31679 | D:14     | Paralysed by a sphinx for 7 turns
 31695 | D:14     | Killed a sphinx
 31786 | D:14     | Received a gift from Okawaru
 31787 | D:14     | Reached XP level 16. HP: 73/140 MP: 19/25
 32231 | D:14     | Reached skill level 10 in Invocations
 33024 | D:15     | Entered Level 15 of the Dungeon
 33746 | Swamp:1  | Entered Level 1 of the Swamp
 33789 | Swamp:1  | Reached skill level 15 in Axes
 33797 | Swamp:1  | Received a gift from Okawaru
 34204 | Swamp:1  | Reached skill level 17 in Fighting
 34607 | Swamp:1  | Got the Tome of the Birds and Toxins
 36561 | Swamp:3  | Received a gift from Okawaru
 37071 | Swamp:4  | Entered Level 4 of the Swamp
 37686 | Swamp:4  | Paralysed by a fenstrider witch for 2 turns
 38148 | Swamp:3  | HP: 7/141 [fire dragon/blast of flame (35)]
 39065 | Swamp:4  | Gained mutation: Spells you cast and wands you use may
                  | paralyse nearby enemies. [demonic ancestry]
 39065 | Swamp:4  | Reached XP level 17. HP: 123/147 MP: 26/29
 39178 | Swamp:4  | Got a decaying rune of Zot
 39941 | Swamp:4  | Paralysed by a fenstrider witch for 6 turns
 40398 | Swamp:4  | Learned a level 3 spell: Inner Flame
 40769 | Snake:1  | Entered Level 1 of the Snake Pit
 40840 | Snake:1  | Noticed Jorgrun
 40851 | Snake:1  | Reached skill level 1 in Spellcasting
 41378 | Snake:1  | Noticed Azrael
 41387 | Snake:1  | Killed Azrael
 41395 | Snake:1  | Identified the +1 broad axe of Xuuffoegh {elec, Fly rN+
                  | Str-3 Stlth+} (Okawaru gifted it to you on level 1 of the
                  | Snake Pit)
 41395 | Snake:1  | Received a gift from Okawaru
 42841 | D:15     | Noticed Rupert
 42865 | D:15     | Killed Rupert
 43479 | D:15     | Received a gift from Okawaru
 43528 | D:15     | Found a staircase to the Depths.
 44121 | Depths:1 | Entered Level 1 of the Depths
 44848 | Depths:1 | Found an ornate altar of the Wu Jian Council.
 45102 | Depths:1 | Killed from afar by a fire giant

Illustrated notes

Levels and vault maps discovered:
D:1:      tarquinn_simple_flora_water_b, layout_loops_ring,
          hellmonk_ecumenical_altar_lost_god, minmay_misc_feat_encased
D:2:      layout_basic, basic_altar, kennysheep_pointless_box, minmay_bisected,
          uniq_jessica
D:3:      layout_loops_cross, mainiacjoe_overflow_tiny_flanked,
          minmay_fractal_squares_gapless_5
D:4:      cheibrodos_old_hovel, layout_rooms, serial_shops, nicolae_shop_trees,
          minmay_crystal_water, uniq_grinder, uniq_sigmund
D:5:      minmay_chambers_of_threes, layout_basic, amcnicky_altar_gilded,
          mainiacjoe_overflow_paths, serial_corexii_hall,
          chequers_hall_statues_y, chequers_hall_statues_y, amethyst_killhole
D:6:      layout_basic, bloody_trog, temple_doors_e, kennysheep_generic_room_8
D:7:      layout_gridville, ashenzari_conservatory_becter
D:8:      layout_rooms, david_lair_shrubbed, enter_bailey_2, serial_park_tiny_2,
          serial_bayou_crossing, uniq_maurice, uniq_joseph
D:9:      layout_roguey, nicolae_yredelemnul_corpse_copse, marbit_many_paths,
          mainiacjoe_overflow_brackets, hangedman_weighted_door
D:10:     layout_basic, lemuel_crystal_altar,
          mainiacjoe_overflow_six_doors_small, tgw_fedhas, lemuel_tele_altar,
          orc_0_dummy, hangedman_fish_farm
D:11:     layout_long_grid, nicolae_alphabet_shops,
          hangedman_abyss_or_decor_jellyfish_corner, lemuel_nasty_fountain
D:12:     layout_rooms, serial_shops, nicolae_shop_crystal, grunt_ministairs_1,
          xom_shifter_show, uniq_fannar, uniq_urug
D:13:     layout_small_grid, skrybe_vaults_entry_preservation, uniq_nessos
D:14:     minmay_expanding_squares, layout_loops_ring
D:15:     grunt_enter_depths_magical_seal, layout_stronghold, serial_rivers,
          chequers_serial_rivers_small_b, chequers_serial_rivers_small_a,
          chequers_serial_rivers_small_b, chequers_serial_rivers_micro_a,
          chequers_serial_rivers_large_a, chequers_serial_rivers_small_a,
          bh_walls_and_bars, uniq_rupert
Temple:   eino_wide_crystal_templ
Lair:1:   layout_concentric_octagons, chequers_serial_rivers_marsh,
          grunt_megastairs_3, infiniplex_staircase_pool_2
Lair:2:   layout_roguey, ebering_ghost_funeral_grove, special_room
          [special_room_bee], lemuel_fruit_tree, serial_bayou_shore_a,
          uniq_nergalle
Lair:3:   layout_roguey, swamp_mist
Lair:4:   layout_layer_cave, dummy_snake_entry, bobbens_dragon_lair_wall
Lair:5:   layout_cave_pods, slime_altar_1
Lair:6:   minmay_lair_end_enchanted_forest, layout_regular_city,
          maelrawn_ghost_gauntlet_escape
Swamp:1:  layout_basic_swamp, hangedman_swamp_diagram
Swamp:2:  layout_falls_marsh, nicolae_swamp_feature_on_the_river_bank
Swamp:3:  layout_basic_swamp, evilmike_swamp_ruin_house_3, swamp_pool2
Swamp:4:  swamp_fiery, layout_basic_swamp
Snake:1:  layout_misc_corridors, drop_trap, uniq_azrael, uniq_jorgrun
Orc:1:    layout_diamond_mine
Orc:2:    st_orc_mages, layout_caves
Depths:1: layout_gridlike, hangedman_tar_grid_catacomb,
          minmay_misc_feat_hallway, minmay_strange_pillars,
          nzn_wu_jian_contemplation, grunt_megastairs_1

Skill      XL: |  1  2  3  4  5  6  7  8  9 10 11 12 13 14 15 16 17 |
---------------+----------------------------------------------------+-----
Axes           | 2 3 4 5 6 10 11 12 13 14 15 16 | 16.6
Armour         | 3 4 5 7 8 9 10 11 12 | 12.4
Dodging        | 1 2 3 4 5 6 7 8 |  8.4
Shields        | 3 4 5 6 7 8 9 10 11 12 | 12.4
Fighting       | 4 5 8 9 10 13 15 16 17 | 17.8
Invocations    | 1 6 9 12 13 | 13.4
Spellcasting   | 1 |  1.4

Action                   |  1- 3 |  4- 6 |  7- 9 | 10-12 | 13-15 | 16-18 || total
-------------------------+-------+-------+-------+-------+-------+-------++-------
Melee: War axe           |    75 |    53 |       |       |       |       ||   128
       Hand axe          |       |    47 |   271 |   556 |   665 |     7 ||  1546
       Kick              |       |       |       |   123 |   631 |   390 ||  1144
       Mace              |       |       |       |       |    42 |       ||    42
       Broad axe         |       |       |       |       |   608 |   828 ||  1436
Throw: Throwing net      |       |       |       |     2 |     3 |       ||     5
Invok: Finesse           |       |       |       |       |     2 |     5 ||     7
       Heroism           |       |       |       |       |     1 |       ||     1
Evoke: Wand              |       |       |       |     1 |     4 |     2 ||     7
  Use: Scroll            |     2 |     3 |    11 |    15 |     8 |    11 ||    50
       Potion            |       |       |     8 |     9 |     3 |     9 ||    29
 Stab: Held in net/web   |       |       |       |     1 |       |       ||     1
       Confused          |       |       |       |       |       |     1 ||     1
Armor: Scale mail        |    34 |    66 |    17 |       |       |       ||   117
       Chain mail        |       |       |   136 |    19 |       |       ||   155
       Plate armour      |       |       |       |   260 |   746 |   609 ||  1615
Dodge: Dodged            |    33 |    47 |   101 |   132 |   478 |   374 ||  1165
Block: Kite shield       |    47 |    62 |   146 |   317 |   834 |   654 ||  2060
